AoeStats
← 河北彩花

Arena

510051787Analyzed
4v4 RM · 2d ago on Sep 29, 2026· 41m 7s· 8 players
Game mode
Random Map
Map size
Large (8 player)
Population
200
Speed
Normal
Resources
Standard
Victory
Conquest
Starting age
Dark Age
Ending age
Imperial Age
RankedLock teamsTeams togetherTeam positionsShared explorationLock speedFull tech treeHidden civsTurbo modeCheats
Victory
Defeat
🇳🇱 Britons · Netherlands
1210
+12
🇨🇳 Poles · China
1167
+14
🇬🇷 Mongols · Greece
1141
+15
🇨🇳 Sicilians · China
1086
+17
🇲🇴 Cumans · Macao SAR China
1215
-19
🇬🇧 Berbers · United Kingdom
1087
-13
1082
-13
🇨🇳 Teutons · China
1081
-13
deRoode
10:17 Feudal Age
14:29 Castle Age
12:45 Double-Bit Axe
13:27 Loom
14:05 Horse Collar
15:32 Bow Saw
18:35 Heavy Plow
20:38 Stone Mining
21:35 Fletching
23:55 Wheelbarrow
24:28 Bodkin Arrow
24:37 Padded Archer Armor
25:02 Gold Mining
27:51 Hand Cart
28:02 Leather Archer Armor
30:03 Gold Shaft Mining
32:18 Imperial Age
30:45 Yeomen
31:37 Pikeman
32:19 Squires
32:05 Gambesons
32:06 Arson
32:23 Town Watch
33:03 Ballistics
32:41 Murder Holes
33:48 Conscription
33:32 Warwolf
34:59 Bracer
35:05 Halberdier
36:19 Elite Longbowman
42:25 Two-Man Saw
^_^
7:52 Loom
11:49 Feudal Age
12:52 Town Watch
16:11 Castle Age
14:28 Double-Bit Axe
14:25 Horse Collar
28:53 Imperial Age
26:59 Bow Saw
26:44 Gold Mining
27:10 Heavy Plow
27:52 Wheelbarrow
27:58 Szlachta Privileges
28:46 Bloodlines
28:47 Scale Barding Armor
28:52 Forging
29:56 Conscription
29:00 Cavalier
30:13 Husbandry
30:36 Chain Barding Armor
30:53 Iron Casting
32:15 Town Patrol
32:35 Hand Cart
32:30 Light Cavalry
35:28 Crop Rotation
34:56 Winged Hussar
35:58 Lechitic Legacy
37:25 Blast Furnace
casuai
5:05 Loom
10:13 Feudal Age
12:13 Town Watch
15:21 Castle Age
13:25 Double-Bit Axe
14:10 Horse Collar
23:19 Bow Saw
29:39 Imperial Age
27:03 Stone Mining
27:04 Gold Mining
27:27 Heavy Plow
29:10 Wheelbarrow
28:56 Forging
29:11 Scale Mail Armor
30:04 Gold Shaft Mining
30:05 Stone Shaft Mining
30:04 First Crusade
30:34 Chain Mail Armor
31:12 Conscription
31:41 Iron Casting
31:31 Elite Serjeant
32:47 Plate Mail Armor
33:58 Blast Furnace
32:27 Capped Ram
34:13 Siege Ram
35:31 Pikeman
36:12 Squires
35:57 Arson
37:28 Crop Rotation
37:01 Halberdier
gpal23
5:31 Loom
12:00 Feudal Age
12:25 Horse Collar
14:42 Double-Bit Axe
16:59 Castle Age
18:07 Bow Saw
19:28 Heavy Plow
22:22 Wheelbarrow
23:07 Stone Mining
23:48 Hand Cart
26:43 Ballistics
27:07 Stone Shaft Mining
26:24 Fletching
26:35 Padded Archer Armor
30:06 Imperial Age
27:54 Bodkin Arrow
28:14 Leather Archer Armor
27:53 Gold Mining
28:22 Masonry
29:27 Caravan
30:45 Gold Shaft Mining
30:19 Scale Barding Armor
30:25 Forging
31:05 Bloodlines
32:00 Chain Barding Armor
31:05 Light Cavalry
32:46 Heavy Camel Rider
34:23 Conscription
34:50 Iron Casting
35:28 Elite Mangudai
35:34 Elite Steppe Lancer
36:16 Hussar
38:45 Chemistry
38:57 Bracer
39:57 Blast Furnace
河北彩花
0:35 Loom
9:41 Feudal Age
12:22 Wheelbarrow
12:07 Double-Bit Axe
12:58 Wheelbarrow
13:52 Horse Collar
20:45 Castle Age
19:01 Stone Mining
19:35 Gold Mining
21:53 Bow Saw
22:47 Hand Cart
23:02 Heavy Plow
27:58 Imperial Age
25:14 Town Watch
26:12 Gold Shaft Mining
26:07 Light Cavalry
29:11 Bloodlines
29:14 Scale Barding Armor
30:15 Cuman Mercenaries
31:03 Chain Barding Armor
31:45 Ballistics
30:53 Hussar
31:56 Fletching
32:14 Elite Kipchak
34:09 Chemistry
33:34 Padded Archer Armor
34:07 Bodkin Arrow
35:41 Plate Barding Armor
35:59 Forging
37:06 Leather Archer Armor
38:00 Two-Man Saw
37:49 Thumb Ring
38:09 Parthian Tactics
38:48 Iron Casting
40:53 Blast Furnace
40:40 Conscription
juju9292
9:55 Feudal Age
15:40 Castle Age
13:42 Horse Collar
13:58 Double-Bit Axe
14:23 Loom
15:58 Scale Barding Armor
16:31 Bow Saw
17:14 Heavy Plow
18:24 Forging
18:35 Gold Mining
22:48 Wheelbarrow
22:02 Town Watch
22:52 Wheelbarrow
26:08 Hand Cart
25:52 Stone Mining
31:21 Imperial Age
30:21 Bloodlines
30:35 Chain Barding Armor
30:50 Iron Casting
30:35 Chain Barding Armor
31:12 Iron Casting
31:31 Cavalier
32:54 Plate Barding Armor
34:40 Blast Furnace
35:01 Two-Man Saw
34:53 Conscription
37:27 Fletching
[SKY] strider
8:31 Loom
10:16 Feudal Age
14:17 Castle Age
12:39 Double-Bit Axe
13:22 Horse Collar
15:32 Bow Saw
21:03 Wheelbarrow
28:03 Imperial Age
29:05 Heavy Plow
29:09 Padded Archer Armor
28:59 Fletching
30:23 Chemistry
30:41 Scale Barding Armor
31:10 Conscription
35:56 Chain Barding Armor
35:47 Forging
36:20 Hand Cart
35:36 Pikeman
36:35 Forging
36:26 Scale Mail Armor
36:36 Squires
37:45 Crop Rotation
38:09 Iron Casting
AFK or first to leave? EATMY ass
10:59 Feudal Age
15:08 Castle Age
14:26 Double-Bit Axe
16:32 Bow Saw
20:57 Wheelbarrow
24:05 Hand Cart
28:19 Imperial Age
25:49 Horse Collar
28:27 Heavy Plow
30:30 Chemistry
29:57 Conscription
28:59 Elite Hussite Wagon
30:23 Pikeman
32:26 Caravan
35:00 Two-Man Saw
40:16 Houfnice
Connection lost

Rejoining the realm…

Still unreachable

The connection could not be restored.

Session expired

The server has moved on; the page needs a fresh start.